 Dungeon Crawl Stone Soup version 0.32-a0-685-g93135e86f0 (webtiles) character file.

Game seed: 8895166011672507157

916 ezpacito the Chopper (level 8, -3/91 HPs)
             Began as a Coglin Chaos Knight on Mar 12, 2024.
             Was a Plaything of Xom.
             Slain by a kobold brigand
             ... wielding a +4 dagger of chaos
              (4 damage)
             ... in a sewer.
             The game lasted 00:05:57 (3384 turns).

ezpacito the Chopper (Coglin Chaos Knight)          Turns: 3384, Time: 00:05:58

Health: -3/91      AC: 24    Str: 15    XL:     8   Next: 9%
Magic:  10/10      EV:  2    Int: 11    God:    Xom [.*....]
Gold:   153        SH:  0    Dex: 14    Spells: 10/10 levels left

rFire   . . .        h - +0 war axe {Esteban}
rCold   . . .        a - +0 hand axe (chaos) {Guillermo}
rNeg    . . .        b - melded +2 leather armour
rPois   +            m - melded +0 helmet
rElec   .            e - melded +0 cloak
rCorr   .            (gloves currently unavailable)
SInv    .            (boots currently unavailable)
Will    .....        (no amulet)
Stlth   ++           (no ring)
HPRegen 0.35/turn    (no ring)
MPRegen 0.12/turn    (no gizmo)

%: no passive effects
@: mighty, tree-form, revving, very slow
A: stationary, stasis, torment immunity, boosted hp, off-hand wielding, slow
wielding, warmup strikes, (no jewellery)
a: Invent Gizmo, Renounce Religion


You were in a sewer.
You worshipped Xom.
You were a plaything of Xom.
You were a tree.
You visited 1 branch of the dungeon, and saw 4 of its levels.
You also visited: Sewer.

You collected 153 gold pieces.

Inventory:

Hand Weapons
 a - a +0 hand axe of chaos (offhand) {Guillermo}
 d - a +0 broad axe
 h - a +0 war axe (weapon) {Esteban}
 j - a +0 trident
Missiles
 c - 2 throwing nets (quivered)
 o - 15 poisoned darts
 q - a curare-tipped dart
Armour
 b - a +2 leather armour (melded)
 e - a +0 cloak (melded)
 k - a +0 chain mail
 m - a +0 helmet (melded)
Wands
 f - a wand of paralysis (8)
 l - a wand of flame (43)
Scrolls
 g - a scroll of fear
 i - a scroll of identify
 p - a scroll of teleportation {unknown}
 r - a scroll of enchant armour {unknown}


   Skills:
 * Level 4.6 Fighting
 * Level 4.6(5.0) Axes
 + Level 2.1(3.5) Polearms
 * Level 3.6 Armour
 * Level 3.1 Dodging
 + Level 2.2 Stealth
 + Level 1.9 Spellcasting
 + Level 3.0 Evocations


You had 10 spell levels left.
You didn't know any spells.
Your spell library contained the following spells:

 Spells                   Type           Power      Damage    Failure   Level
 Haunt                    Necr/Summ      0%         N/A       100%        7
 Borgnjor's Revivificati  Necr           0%         N/A       100%        8
 Death's Door             Necr           0%         N/A       100%        9


Dungeon Overview and Level Annotations

Branches:
Dungeon (4/15)              Sewer (1/1)
 Temple: D:4-7

Altars:
Gozag
Trog
Vehumet
Zin

Annotations:
D:3 3 runed translucent doors, Griffin23's ghost, amateur MiFi


Innate Abilities, Weirdness & Mutations

You are a tree.
Your roots penetrate the ground, keeping you stationary.
You cannot be teleported.
You are immune to unholy pain and torment.
Your maximum health is greatly increased.
Your equipment is partially melded.
You can wield a second weapon in your off-hand.
It takes a long time for you to wield or remove held weapons.
Your first few attacks do less damage.
((You cannot equip rings or amulets.))


Message History

Xom's power touches on a nearby weapon.
The kobold brigand's +0 dagger erupts in a glittering mayhem of colour.
The kobold brigand hits you with a +4 dagger of chaos.
You are confused.
The kobold brigand hits you with a +4 dagger of chaos.
You are too confused!
You take 7 damage, and have 49/61 hp.
You are too confused!
Your unstable footing causes you to fumble your attack.
You hit the kobold brigand with your +0 hand axe of chaos.
The kobold brigand flies into a frenzy!
The kobold brigand splashes around in the water.
You bump into the rock wall.
The kobold brigand hits you with a +4 dagger of chaos!
The kobold brigand freezes you.
The kobold brigand hits you with a +4 dagger of chaos!
* * * LOW HITPOINT WARNING * * *
A shower of butterflies erupts from you!
The kobold brigand burns you.
* * * LOW HITPOINT WARNING * * *
You take 36 damage, and have 13/61 hp.
MASSIVE DAMAGE!!
You bump into the rock wall.
The kobold brigand hits you with a +4 dagger of chaos.
* * * LOW HITPOINT WARNING * * *
You turn into a tree.
Your +0 cloak melds into your body.
Your +0 helmet melds into your body.
Your +2 leather armour melds into your body.
Your roots penetrate the ground.
You now have 13/91 hp.
It was a potion of might.
You feel very mighty all of a sudden.
Xom roars with laughter!
The kobold brigand hits you but does no damage.
The kobold brigand splashes around in the water.
You cannot move. (Use ctrl+direction or * direction to attack while stationary and confused.)
You attack the rock wall.
You feel less confused.
The kobold brigand hits you with a +4 dagger of chaos!
* * * LOW HITPOINT WARNING * * *
The kobold brigand burns you.
You die...

#.~~~~~.. #.~..~~~.
####### ##~~...~..
#.~~†~##### ##~.~.~~~.~
#####~.~~~####..~.##~.~~
#.~~~.###~~.~..~.####~.~
####### #~~~~~~~.# ##.~.
#.~~~b###b~.~~~~####~~~.
#bK♣~~########.~~~~.
#.~~b~##### #.~~.~##
##### #.~..## #.~.##
#...# #.~.# ##~.~##
#~~~~~# #~###~#


You could see a neutral kobold brigand (fast, strong, frenzied, distracted, ally
target).

Vanquished Creatures
  Duvessa (D:4)
  An orc warrior (D:4)
  4 kobold brigands (Sewer)
  Dowan (D:4)
  A gnoll bouda (D:4)
  A bombardier beetle (D:3)
  Ijyb (D:3)
  An orc wizard (D:4)
  Terence (D:3)
  Robin (D:3)
  4 gnolls (D:4)
  9 adders
  2 river rats
  4 dart slugs
  4 ribbon worms
  2 orcs (D:4)
  10 endoplasms
  9 giant cockroaches
  11 goblins
  8 hobgoblins
  2 jackals (D:2)
  4 quokkas
  11 ball pythons
  2 bats
  4 frilled lizards
  14 kobolds
  14 rats
127 creatures vanquished.

Notes
Turn   | Place    | Note
-------+----------+-------------------------------------------
     0 | D:1      | ezpacito the Coglin Chaos Knight began the quest for the
                  | Orb.
     0 | D:1      | Reached XP level 1. HP: 18/18 MP: 1/1
    23 | D:1      | Reached skill level 1 in Dodging
    41 | D:1      | XOM: potion effect (might)
    50 | D:1      | XOM: noise
    56 | D:1      | XOM: silly message
    59 | D:1      | Reached XP level 2. HP: 24/24 MP: 2/2
   342 | D:1      | XOM: confusion
   358 | D:1      | XOM: god gift: wand of paralysis (4)
   455 | D:2      | Reached XP level 3. HP: 27/29 MP: 3/3
   677 | D:2      | XOM: potion effect (might)
   941 | D:3      | Noticed Robin
   948 | D:3      | Reached XP level 4. HP: 30/35 MP: 4/4
   954 | D:3      | Killed Robin
   955 | D:3      | Reached skill level 1 in Stealth
   955 | D:3      | Reached skill level 1 in Evocations
  1067 | D:3      | Noticed Ijyb
  1067 | D:3      | Noticed Terence
  1076 | D:3      | Killed Terence
  1076 | D:3      | Killed Ijyb
  1077 | D:3      | Reached skill level 1 in Polearms
  1077 | D:3      | Reached XP level 5. HP: 36/41 MP: 4/6
  1126 | D:3      | Found a runed translucent gate.
  1128 | D:3      | Noticed Griffin23's ghost (amateur MiFi)
  1129 | D:3      | Found a runed translucent gate.
  1129 | D:3      | Found a runed translucent gate.
  1129 | D:3      | Found an opulent altar of Gozag.
  1168 | D:3      | Found a bloodstained altar of Trog.
  1445 | D:3      | XOM: cloud trail
  1588 | D:3      | Found a radiant altar of Vehumet.
  1774 | D:3      | Reached skill level 1 in Spellcasting
  1889 | D:3      | XOM: cloud trail
  2081 | D:4      | Found a glowing silver altar of Zin.
  2101 | D:4      | Noticed an orc warrior
  2117 | D:4      | XOM: divination: magic mapping
  2118 | D:4      | XOM: confuse monster(s)
  2120 | D:4      | Killed an orc warrior
  2121 | D:4      | Reached XP level 6. HP: 48/48 MP: 7/7
  2124 | D:4      | XOM: noise
  2343 | D:4      | Noticed Duvessa
  2345 | D:4      | Noticed Dowan
  2358 | D:4      | Reached XP level 7. HP: 12/54 MP: 9/9
  2366 | D:4      | Killed Duvessa
  2371 | D:4      | Killed Dowan
  2383 | D:4      | Found a glowing drain.
  2393 | Sewer    | Entered a sewer
  2759 | Sewer    | XOM: confuse monster(s)
  2797 | Sewer    | XOM: 8-stop teleportation journey
  3257 | Sewer    | Reached XP level 8. HP: 56/61 MP: 10/10
  3375 | Sewer    | XOM: noise
  3379 | Sewer    | XOM: chaos upgrade
  3381 | Sewer    | XOM: butterfly on damage
  3384 | Sewer    | HP: 1/91 [kobold brigand/+4 dagger of chaos (13)]
  3384 | Sewer    | Slain by a kobold brigand

Illustrated notes

Levels and vault maps discovered:
D:1:      dpeg_arrival_long_road, layout_rooms,
          hangedman_abyss_or_decor_lesser_grid
D:2:      layout_basic, minmay_tetromino_i2
D:3:      layout_basic, bloody_trog, vehumet_altar_wand_db, ebering_ghost_gozag,
          uniq_terence, uniq_robin, uniq_ijyb
D:4:      layout_basic, worldfamousw_hep_ancestral_shrine,
          amcnicky_altar_gilded, portal_sewer_entry_e, nicolae_grassy_gnolls,
          uniq_crazy_yiuf_cottage, uniq_duvessa, uniq_menkaure
Sewer:    sewer_co_tree

Skill      XL: |  1  2  3  4  5  6  7 |
---------------+----------------------+-----
Dodging        | 1 2 3 |  3.1
Armour         | 2 3 |  3.6
Stealth        | 1 2 |  2.2
Evocations     | 1 2 3 |  3.0
Polearms       | 1 2 |  2.1
Spellcasting   | 1 |  1.9
Axes           | 4 |  4.6
Fighting       | 4 |  4.6

Action                     |  1- 3 |  4- 6 |  7- 9 || total
---------------------------+-------+-------+-------++-------
  Melee: Hand axe          |    53 |    72 |    88 ||   213
         Dagger            |    17 |       |       ||    17
         War axe           |    33 |    79 |    91 ||   203
  Evoke: Wand              |       |     6 |       ||     6
    Use: Scroll            |       |    10 |       ||    10
         Potion            |       |     5 |     2 ||     7
   Stab: Petrified         |       |     6 |       ||     6
         Petrifying        |       |     1 |       ||     1
         Confused          |       |     3 |     8 ||    11
 Armour: Leather armour    |    30 |    52 |    62 ||   144
         Skin              |       |    35 |     2 ||    37
  Dodge: Dodged            |    25 |    49 |    48 ||   122

Table legend: (Time is in decaauts)
 A = Elapsed time spent in this place.
 B = Non-inter-level travel time spent in this place.
 C = Inter-level travel time spent in this place.
 D = Time resting spent in this place.
 E = Time spent auto-exploring this place.
 F = Levels seen in this place.
 G = Mean time per level.
                   A        B        C        D        E       F      G
               +--------+--------+--------+--------+--------+-----+--------+
         Total |   3562 |   3509 |     53 |    451 |   2175 |   5 |  712.4 |
       Dungeon |   2410 |   2357 |     53 |    116 |   1603 |   4 |  602.5 |
         Sewer |   1152 |   1152 |      0 |    335 |    572 |   1 | 1152.0 |
               +--------+--------+--------+--------+--------+-----+--------+

Top non-repeatable levels by time:
   Sewer: 1152 daAuts
     D:3: 1072 daAuts
     D:2: 465 daAuts
     D:4: 436 daAuts
     D:1: 436 daAuts
